Map: [ESL] Hard Lead

Players

SKillous - Winner!

  • Race: Protoss Protoss
  • Spawn Location: 11:00

GunGFuBanDa

  • Race: Protoss Protoss
  • Spawn Location: 5:00

Event: ESL SC2 Masters 2023 Winter (Regional)

VOD

Have the link to the VOD?

Description

Time

  • Played on: Nov. 3, 2023, 9:37 a.m.
  • Length: 9:56

All games in this series

Show
View Real Time Build Order
Export as new Build Order

SKillous Protoss - Winner!

Build Orders: Oracle Opening, Blink Stalkers 

Get SALT Encoding   

  12  0:00  Probe  
  13  0:12  Probe  
  14  0:17  Pylon  
  14  0:24  Probe  
  15  0:35  Gateway  
  15  0:36  Probe (Chrono Boost)  
  16  0:46  Assimilator, Probe (Chrono Boost)  
  17  0:51  Probe (Chrono Boost)  
  17  0:54  Assimilator  
  18  1:03  Probe (Chrono Boost)  
  19  1:09  Gateway  
  20  1:12  Probe (Chrono Boost)  
  20  1:17  Probe (Chrono Boost)  
  20  1:23  Cybernetics Core  
  21  1:29  Probe  
  22  1:36  Pylon  
  22  1:41  Probe  
  23  1:54  Probe  
  23  2:01  Warp Gate  
  26  2:05  Pylon  
  26  2:08  Sentry  
  26  2:31  Probe  
  26  2:33  Nexus  
  26  2:35  Stargate  
  27  2:43  Probe  
  27  2:45  Stalker  
  29  2:55  Probe  
  29  2:56  Stalker  
  32  3:07  Probe  
  32  3:11  Pylon  
  33  3:16  Oracle (Chrono Boost)  
  33  3:19  Probe  
  37  3:29  Twilight Council  
  37  3:31  Probe  
  38  3:46  Probe (Chrono Boost)  
  38  3:48  Probe (Chrono Boost)  
  40  3:51  Gateway  
  41  3:56  Probe (Chrono Boost)  
  41  3:58  Gateway, Probe (Chrono Boost)  
  41  3:59  Blink (Chrono Boost)  
  42  4:03  Probe  
  43  4:11  Probe  
  43  4:15  Probe  
  45  4:18  Stalker  
  45  4:24  Stalker, Probe  
  50  4:32  Probe  
  50  4:35  Pylon  
  50  4:36  Probe  
  52  4:44  Probe  
  52  4:45  Stalker x2  
  57  4:48  Assimilator, Probe  
  57  4:52  Stalker  
  60  4:58  Stalker  
  60  4:59  Probe  
  63  5:00  Probe  
  63  5:05  Pylon  
  64  5:09  Stalker  
  64  5:13  Stalker  
  68  5:17  Stalker  
  68  5:19  Pylon  
  70  5:25  Stalker  
  72  5:32  Stalker  
  74  5:38  Stalker  
  70  5:55  Stalker  
  70  5:56  Stalker x2  
  70  5:57  Probe  
  73  6:02  Nexus  
  73  6:03  Probe  
  74  6:05  Pylon  
  74  6:09  Probe  
  73  6:19  Probe  
  73  6:21  Probe  
  75  6:28  Stalker x4  
  75  6:31  Probe  
  84  6:36  Probe  
  84  6:39  Forge  
  83  6:40  Pylon  
  83  6:43  Probe  
  72  6:57  Stalker x4  
  74  7:02  Protoss Ground Weapons Level 1 (Chrono Boost)  
  74  7:03  Probe  
  74  7:06  Shield Battery  
  74  7:07  Probe  
  76  7:15  Probe x2  
  77  7:20  Stalker x4  
  86  7:24  Probe  
  86  7:28  Probe  
  86  7:29  Probe  
  89  7:35  Gateway  
  89  7:36  Gateway, Assimilator  
  89  7:37  Pylon, Probe  
  89  7:43  Stalker x2  
  94  7:44  Probe x2  
  94  7:49  Stalker  
  94  7:50  Stalker  
  100  7:53  Photon Cannon  
  100  7:57  Robotics Facility  
  100  8:00  Probe  
  101  8:06  Pylon  
  101  8:07  Stalker  
  101  8:08  Stalker  
  105  8:14  Stalker  
  105  8:15  Stalker  
  107  8:36  Stalker x4  
  107  8:39  Nexus  
  107  8:40  Pylon  
  115  8:41  Warp Prism (Chrono Boost)  
  111  9:06  Stalker x4  
  111  9:08  Probe  
  118  9:11  Shield Battery, Probe  
  118  9:13  Photon Cannon, Shield Battery  
  117  9:35  Probe x2  
  119  9:38  Assimilator  
  119  9:39  Stalker x6  
  127  9:52  Gateway  
  120  9:53  Gateway  
  120  9:54  Gateway  
  120  9:55  Pylon  
Show
View Real Time Build Order
Export as new Build Order

GunGFuBanDa Protoss 

Build Orders:  

Get SALT Encoding   

  12  0:00  Probe  
  13  0:12  Probe  
  14  0:18  Pylon  
  14  0:24  Probe (Chrono Boost)  
  15  0:37  Gateway  
  15  0:38  Probe (Chrono Boost)  
  16  0:44  Probe (Chrono Boost)  
  16  0:47  Assimilator  
  17  0:52  Probe (Chrono Boost)  
  17  0:54  Assimilator  
  18  1:04  Probe (Chrono Boost)  
  18  1:08  Gateway  
  19  1:13  Probe (Chrono Boost)  
  20  1:18  Probe  
  20  1:24  Cybernetics Core  
  21  1:31  Probe  
  22  1:36  Pylon  
  22  1:43  Probe  
  23  1:55  Probe  
  24  2:01  Sentry, Warp Gate, Stalker  
  24  2:07  Probe  
  29  2:13  Pylon  
  29  2:23  Probe  
  30  2:31  Stalker x2  
  34  2:53  Nexus  
  34  3:01  Probe  
  35  3:12  Shield Battery  
  35  3:13  Probe  
  36  3:25  Probe (Chrono Boost)  
  37  3:30  Twilight Council  
  37  3:36  Probe (Chrono Boost)  
  37  3:38  Pylon  
  38  3:41  Probe (Chrono Boost)  
  39  3:56  Probe (Chrono Boost)  
  39  3:58  Sentry, Stalker  
  44  4:03  Blink (Chrono Boost)  
  44  4:08  Probe x2 (Chrono Boost)  
  46  4:15  Probe x2 (Chrono Boost)  
  48  4:21  Probe, Stalker x2  
  48  4:22  Probe  
  52  4:33  Probe  
  52  4:34  Pylon, Probe  
  54  4:45  Nexus  
  54  4:49  Probe  
  54  4:51  Probe  
  56  4:55  Stalker  
  56  4:58  Stalker  
  60  5:04  Shield Battery  
  60  5:08  Probe  
  60  5:09  Probe  
  62  5:20  Probe  
  63  5:21  Stalker, Probe  
  63  5:22  Stalker  
  63  5:27  Pylon  
  68  5:32  Probe  
  68  5:33  Shield Battery, Probe  
  66  5:50  Stalker x2  
  69  6:01  Shield Battery  
  70  6:04  Probe x2  
  70  6:07  Gateway  
  70  6:09  Robotics Facility  
  61  6:19  Stalker x2  
  66  6:25  Probe (Chrono Boost)  
  61  6:35  Probe (Chrono Boost)  
  61  6:36  Probe (Chrono Boost)  
  61  6:37  Probe (Chrono Boost)  
  61  6:39  Gateway  
  61  6:40  Probe (Chrono Boost)  
  61  6:43  Stalker x2  
  61  6:44  Probe  
  63  6:55  Probe  
  63  6:56  Probe (Chrono Boost)  
  60  7:03  Stalker  
  60  7:06  Nexus  
  60  7:08  Probe (Chrono Boost)  
  60  7:13  Charge (Chrono Boost), Probe (Chrono Boost)  
  60  7:14  Sentry, Stalker  
  65  7:15  Observer  
  65  7:17  Probe (Chrono Boost)  
  65  7:21  Probe (Chrono Boost)  
  67  7:23  Probe  
  67  7:27  Gateway  
  68  7:31  Probe  
  68  7:35  Probe  
  70  7:41  Gateway  
  70  7:43  Gateway, Probe  
  71  7:48  Probe  
  71  7:50  Pylon  
  72  7:53  Stalker  
  72  7:54  Stalker  
  72  7:55  Stalker  
  78  8:05  Gateway  
  78  8:08  Probe  
  78  8:09  Warp Prism  
  81  8:17  Zealot x2  
  85  8:23  Zealot x2  
  89  8:28  Zealot  
  90  8:36  Zealot  
  90  8:37  Zealot x2  
  96  8:43  Zealot x2  
  100  8:52  Pylon  
  100  8:55  Pylon  
  95  9:00  Zealot x5  
  85  9:10  Probe x3  
  88  9:17  Forge x2  
  88  9:22  Probe  
  85  9:25  Zealot x3  
  85  9:26  Zealot x4  
  89  9:37  Probe x2  
  91  9:38  Stalker  
Tags
 
Add a new tag
Caveats
  • Supply blocks, unpowered buildings, or Contaminate may cause inaccurate times.
  • Supply counts are checked every 10 seconds.